 Dungeon Crawl Stone Soup version 0.22-a0-352-gc608dd7 (webtiles) character file.

67 khargal the Sneak (level 3, -6/30 HPs)
             Began as a Draconian Assassin on Apr 14, 2018.
             Killed from afar by Anon1729's ghost (8 damage)
             ... with a flame tongue
             ... on level 3 of the Dungeon.
             The game lasted 00:04:19 (1928 turns).

khargal the Sneak (Draconian Assassin)              Turns: 1928, Time: 00:04:20

Health: -6/30      AC:  7    Str: 13    XL:     3   Next: 98%
Magic:  3/3        EV: 12    Int: 11    God:
Gold:   122        SH:  0    Dex: 13    Spells: 2/2 levels left

rFire    . . .     SeeInvis .   a - +2 dagger
rCold    . . .     Gourm    .   (no shield)
rNeg     . . .     Faith    .   (armour unavailable)
rPois    .         Spirit   .   (helmet restricted)
rElec    .         Reflect  .   c - +0 cloak
rCorr    .         Harm     .   (no gloves)
MR       .....                  m - +0 pair of boots
Stlth    +++.......             (no amulet)
HPRegen  0.10/turn              (no ring)
MPRegen  0.08/turn              (no ring)

@: no status effects
A: unfitting armour, cold-blooded, AC +5
a: no special abilities


You were on level 3 of the Dungeon.
You were not hungry.

You visited 1 branch of the dungeon, and saw 3 of its levels.

You collected 122 gold pieces.

Inventory:

Hand Weapons
 a - a +2 dagger (weapon)
 b - a +0 blowgun
Missiles
 d - 16 poisoned needles
 e - 2 curare-tipped needles
Armour
 c - a +0 cloak (worn)
 m - a +0 pair of boots (worn)
Wands
 g - a wand of digging (11)
Scrolls
 h - a scroll of fog
 k - 2 scrolls of teleportation
 n - 3 scrolls of identify
Potions
 i - a potion of curing
 j - a potion of magic
Comestibles
 f - 5 rations


   Skills:
 + Level 2.5 Fighting
 + Level 2.4 Short Blades
 + Level 1.9 Throwing
 + Level 1.4 Dodging
 + Level 4.7 Stealth


You had 2 spell levels left.
You didn't know any spells.

Dungeon Overview and Level Annotations

Branches:
Dungeon (3/15)

Altars:
Gozag
Wu Jian
The Shining One

Annotations:
D:3 Anon1729's ghost, amateur DsFE


Innate Abilities, Weirdness & Mutations

Your plain brown scales are hard. (AC +5)
You cannot fit into any form of body armour.
You are cold-blooded and may be slowed by cold attacks.


Message History

Anon1729's ghost misses you.
You hit Anon1729's ghost but do no damage.
Anon1729's ghost is heavily damaged.
Anon1729's ghost hits you but does no damage.
You hit Anon1729's ghost.
Anon1729's ghost is heavily damaged.
Anon1729's ghost hits you.
* * * LOW HITPOINT WARNING * * *
You completely miss Anon1729's ghost.
Anon1729's ghost is heavily damaged.
You feel better. Anon1729's ghost hits you.
You hit Anon1729's ghost.
Your tail-slap misses Anon1729's ghost.
Anon1729's ghost is heavily damaged.
Anon1729's ghost gestures at you while chanting.
The flame tongue hits you!
* * * LOW HITPOINT WARNING * * *
Unknown command.
Anon1729's ghost points at you and mumbles some strange words.
The flame tongue hits you!
You die...

#############
##.....#.....##
##.............#
#...............
#...............
#############...............
.............@.W............
........#####........._<....
#######..####..............#
..####).....#)....#.....##
#..................####..)
######.....#####..... #.
####....# ####... #...#.....
..... # ###.#.# ##### #..


You could see Anon1729's ghost.

Vanquished Creatures
  2 adders
  3 dart slugs
  2 leopard geckos
  4 orcs (D:3)
  A goblin (D:2)
  2 hobgoblins
  7 kobolds
  2 quokkas (D:2)
  8 bats
  3 frilled lizards
  5 rats
39 creatures vanquished.

Notes
Turn   | Place    | Note
-------+----------+-------------------------------------------
     0 | D:1      | khargal the Draconian Assassin began the quest for the Orb.
     0 | D:1      | Reached XP level 1. HP: 17/17 MP: 1/1
   149 | D:1      | Reached XP level 2. HP: 24/24 MP: 2/2
   163 | D:1      | Reached skill level 4 in Stealth
   873 | D:2      | Found an opulent altar of Gozag.
   957 | D:2      | Reached skill level 1 in Dodging
   957 | D:2      | Reached XP level 3. HP: 25/30 MP: 3/3
  1633 | D:3      | Found an ornate altar of the Wu Jian Council.
  1789 | D:3      | Found a glowing golden altar of the Shining One.
  1900 | D:3      | Noticed Anon1729's ghost (amateur DsFE)
  1928 | D:3      | Killed from afar by Anon1729's ghost

Vault maps used:
D:1:      dpeg_arrival_arbitrary_a, kennysheep_boxes
D:2:      minmay_hexomino_r4
D:3:      lemuel_doored_altar, overflow_temple_1_default,
          lemuel_coloured_pillars_altar, minmay_mini_jars

Skill      XL: |  1  2 |
---------------+-------+-----
Stealth        | 4 |  4.7
Dodging        | 1 |  1.4
Fighting       | |  2.5
Short Blades   | |  2.4
Throwing       | |  1.9

Action                   || total
-------------------------++-------
Melee: Dagger            ||   171
       Tailslap          ||    14
  Use: Scroll            ||     5
       Potion            ||     2
 Stab: Sleeping          ||     8
       Distracted        ||     1
  Eat: Chunk             ||     3
Armor: Skin              ||    81
Dodge: Dodged            ||   109

Table legend:
 A = Spawn XP
 B = Non-spawn XP
 C = Spawn XP percentage of total XP
 D = Spawn monster count
 E = Non-spawn monster count
 F = Spawn count percentage of total count
 G = Total turns spent on level
                    A         B        C        D         E        F      G
               +---------+---------+-------+---------+---------+-------+---------
         Total |       0 |      96 |   0.0 |       0 |      39 |   0.0 |  1928
               +---------+---------+-------+---------+---------+-------+---------
           D:1 |       0 |      20 |   0.0 |       0 |       9 |   0.0 |   800
           D:2 |       0 |      48 |   0.0 |       0 |      23 |   0.0 |   699
           D:3 |       0 |      28 |   0.0 |       0 |       7 |   0.0 |   429
               +---------+---------+-------+---------+---------+-------+---------
